 Dungeon Crawl Stone Soup version 0.28-a0-586-gbdb9d174a4 (webtiles) character file.

Game seed: 13928891917313130293

345 Gargoyl the Skirmisher (level 6, 0/53 HPs)
             Began as a Gnoll Abyssal Knight on Oct 3, 2021.
             Was a Believer of Lugonu.
             Succumbed to an orc wizard's poison
             ... on level 4 of the Dungeon.
             The game lasted 00:03:52 (3463 turns).

Gargoyl the Skirmisher (Gnoll Abyssal Knight)       Turns: 3463, Time: 00:03:53

Health: 0/53       AC: 11    Str: 14    XL:     6   Next: 58%
Magic:  9/9        EV: 11    Int: 10    God:    Lugonu [**....]
Gold:   25         SH:  0    Dex: 12    Spells: 9/9 levels left

rFire   . . .      SeeInvis .   j - +1 dagger (drain)
rCold   . . .      Faith    .   (no shield)
rNeg    + . .      Spirit   .   d - +0 ring mail
rPois   .          Reflect  .   (no helmet)
rElec   .          Harm     .   i - +0 cloak
rCorr   .          Rampage  .   (no gloves)
Will    .....                   f - +1 pair of boots
Stlth   +.........              (no amulet)
HPRegen 0.17/turn               k - ring of positive energy
MPRegen 0.11/turn               (no ring)

@: lethally poisoned (0 -> -4)
A: fangs 1, strong nose, distributed training, hooves 1, iridescent scales 1
a: Renounce Religion, Depart the Abyss, Bend Space


You were on level 4 of the Dungeon.
You worshipped Lugonu.
Lugonu was pleased with you.
You visited 1 branch of the dungeon, and saw 4 of its levels.
You visited the Abyss 1 time.

You collected 70 gold pieces.
You spent 45 gold pieces at shops.

Inventory:

Hand Weapons
 a - a +1 hand axe
 j - a +1 dagger of draining (weapon)
Missiles
 c - 8 poisoned darts (quivered)
Armour
 d - a +0 ring mail (worn)
 f - a +1 pair of boots (worn)
 i - a +0 cloak (worn)
Jewellery
 k - a ring of positive energy (left hand)
Scrolls
 b - 2 scrolls of fear
 g - a scroll of magic mapping
Potions
 h - a potion of cancellation
 l - a potion of brilliance


   Skills:
 + Level 6.8 Fighting
 + Level 2.0 Short Blades
 + Level 2.0 Long Blades
 + Level 5.0 Axes
 + Level 2.0 Maces & Flails
 + Level 2.0 Polearms
 + Level 2.0 Staves
 + Level 2.0 Slings
 + Level 2.0 Bows
 + Level 2.0 Crossbows
 + Level 2.0 Throwing
 + Level 5.0 Armour
 + Level 3.3 Dodging
 + Level 2.0 Stealth
 + Level 2.0 Shields
 + Level 2.0 Unarmed Combat
 + Level 2.0 Spellcasting
 + Level 1.6 Conjurations
 + Level 1.6 Hexes
 + Level 1.6 Summonings
 + Level 1.6 Necromancy
 + Level 1.6 Translocations
 + Level 1.6 Transmutations
 + Level 1.6 Fire Magic
 + Level 1.6 Ice Magic
 + Level 1.6 Air Magic
 + Level 1.6 Earth Magic
 + Level 1.6 Poison Magic
 + Level 5.1 Invocations
 + Level 2.0 Evocations


You had 9 spell levels left.
You didn't know any spells.
Your spell library contained the following spells:

 Spells                   Type           Power      Damage    Failure   Level
 Call Canine Familiar     Summ           4%         N/A       67%         3
 Ignite Poison            Fire/Tmut/Pois 4%         N/A       67%         3
 Mephitic Cloud           Conj/Pois/Air  4%         N/A       67%         3
 Ozocubu's Armour         Ice            4%         N/A       67%         3
 Portal Projectile        Hex/Tloc       8%         N/A       67%         3
 Leda's Liquefaction      Hex/Erth       2%         N/A       97%         4
 Freezing Cloud           Conj/Ice/Air   2%         6-21      100%        5
 Metabolic Englaciation   Hex/Ice        2%         N/A       100%        5
 Simulacrum               Ice/Necr       2%         N/A       100%        6


Dungeon Overview and Level Annotations

Branches:
Dungeon (4/15)
 Temple: D:4-7

Altars:
Sif Muna

Shops:
D:3 =[


Innate Abilities, Weirdness & Mutations

You have very sharp teeth.
Your uncanny sense of smell can sniff out nearby items.
Your experience applies equally to all skills.
You have large cloven feet.
You are partially covered in iridescent scales. (AC +2)


Message History

You feel very sick. The orc wizard misses you.
You hit the orc wizard. Your bite misses the orc wizard.
The orc wizard is almost dead.
* * * LOW HITPOINT WARNING * * *
You feel very sick. The orc wizard misses you.
Unknown command.
Okay, then.
You barely miss the orc wizard.
The orc wizard is almost dead.
* * * LOW HITPOINT WARNING * * *
You feel very sick.
Unknown command.
You closely miss the orc wizard.
The orc wizard is almost dead.
* * * LOW HITPOINT WARNING * * *
You feel very sick. The orc wizard closely misses you.
Unknown command.
You barely miss the orc wizard.
You bite the orc wizard, but do no damage.
The orc wizard is almost dead.
* * * LOW HITPOINT WARNING * * *
You feel sick.
The orc wizard hits you but does no damage.
Unknown command.
You hit the orc wizard. You drain the orc wizard.
You kill the orc wizard!
Lugonu accepts your kill.
* * * LOW HITPOINT WARNING * * *
You feel sick.
Unknown command.
* * * LOW HITPOINT WARNING * * *
You feel sick.
Things that are here:
a +2 whip of venom; a +0 robe; an orc corpse Unknown command.
Found a dagger.
You die...

#.......... #......... .
#........ .. #.......
...#...... )...... #...#
#..@# #####..)#######
.>...............
#.##.......###### #
#.##.....).########.#
#.##.......##.......#
#.##.......##.......#
######.##.......##.......#
#......##......)##.......#


There were no monsters in sight!

Vanquished Creatures
  A phantom (D:4)
  A bullfrog skeleton (D:4)
  An orc priest (D:3)
  Jessica (D:3)
  An orc wizard (D:4)
  Natasha (thrice) (D:3)
  An adder (D:3)
  An adder skeleton (D:4)
  A worm (D:2)
  2 dart slugs
  5 orcs
  3 bats
  8 endoplasms
  A giant cockroach (D:1)
  6 hobgoblins
  8 jackals
  4 kobolds
  A quokka (D:3)
  6 ball pythons
  2 frilled lizards
  5 goblins
  6 rats
68 creatures vanquished.

Vanquished Creatures (others)
  6 plants
6 creatures vanquished.

Grand Total: 74 creatures vanquished

Notes
Turn   | Place    | Note
-------+----------+-------------------------------------------
     0 | Abyss:1  | Gargoyl the Gnoll Abyssal Knight began the quest for the
                  | Orb.
     0 | Abyss:1  | Reached XP level 1. HP: 23/23 MP: 3/3
    92 | Abyss:1  | Gained mutation: You are partially covered in iridescent
                  | scales. (AC +2) [potion of mutation]
    92 | Abyss:1  | Gained mutation: You have large cloven feet. [potion of
                  | mutation]
   129 | Abyss:1  | Noticed a smoke demon
   130 | D:1      | Escaped the Abyss
   359 | D:1      | Reached XP level 2. HP: 29/29 MP: 5/5
   401 | D:1      | Reached * piety under Lugonu
   959 | D:2      | Reached XP level 3. HP: 35/35 MP: 6/6
  1097 | D:2      | Found a faded altar of an unknown god.
  2043 | D:3      | Reached ** piety under Lugonu
  2044 | D:3      | Reached skill level 1 in Short Blades
  2044 | D:3      | Reached skill level 1 in Long Blades
  2044 | D:3      | Reached skill level 1 in Maces & Flails
  2044 | D:3      | Reached skill level 1 in Polearms
  2044 | D:3      | Reached skill level 1 in Staves
  2044 | D:3      | Reached skill level 1 in Slings
  2044 | D:3      | Reached skill level 1 in Bows
  2044 | D:3      | Reached skill level 1 in Crossbows
  2044 | D:3      | Reached skill level 1 in Throwing
  2044 | D:3      | Reached skill level 1 in Stealth
  2044 | D:3      | Reached skill level 1 in Shields
  2044 | D:3      | Reached skill level 1 in Unarmed Combat
  2044 | D:3      | Reached skill level 1 in Spellcasting
  2044 | D:3      | Reached skill level 1 in Evocations
  2044 | D:3      | Reached XP level 4. HP: 12/41 MP: 7/7
  2279 | D:3      | Noticed Natasha
  2297 | D:3      | Killed Natasha
  2298 | D:3      | Reached skill level 1 in Conjurations
  2298 | D:3      | Reached skill level 1 in Hexes
  2298 | D:3      | Reached skill level 1 in Summonings
  2298 | D:3      | Reached skill level 1 in Necromancy
  2298 | D:3      | Reached skill level 1 in Translocations
  2298 | D:3      | Reached skill level 1 in Transmutations
  2298 | D:3      | Reached skill level 1 in Fire Magic
  2298 | D:3      | Reached skill level 1 in Ice Magic
  2298 | D:3      | Reached skill level 1 in Air Magic
  2298 | D:3      | Reached skill level 1 in Earth Magic
  2298 | D:3      | Reached skill level 1 in Poison Magic
  2452 | D:3      | Reached XP level 5. HP: 41/43 MP: 8/8
  2485 | D:3      | Found Ygyaheg's Jewellery Emporium.
  2485 | D:3      | Noticed Natasha
  2505 | D:3      | Killed Natasha
  2512 | D:3      | Noticed Natasha
  2519 | D:3      | Killed Natasha
  2700 | D:3      | Found Biekk's Armour Shop.
  2710 | D:3      | Bought a +0 cloak for 45 gold pieces
  2780 | D:3      | Noticed Jessica
  2787 | D:3      | Killed Jessica
  3093 | D:3      | Found a shimmering blue altar of Sif Muna.
  3301 | D:4      | Reached skill level 5 in Invocations
  3328 | D:4      | Noticed a phantom
  3354 | D:4      | Killed a phantom
  3355 | D:4      | Reached XP level 6. HP: 33/53 MP: 9/9
  3403 | D:4      | Reached skill level 5 in Axes
  3403 | D:4      | Reached skill level 5 in Armour
  3462 | D:4      | HP: 1/53 [poisoned by an orc wizard]
  3463 | D:4      | Succumbed to an orc wizard's poison

Illustrated notes

Levels and vault maps discovered:
D:1:      scummos_arrival_simple_fountains, layout_loops_ring,
          amcnicky_mini_corridor_feature, serial_bayou_lagoon_a
D:2:      layout_rooms, shapermc_ecumenical_altar_ellora,
          serial_co_window_serial, co_window_corner_a, co_window_paths_a,
          co_window_paths_b, co_window_corner_a, co_window_of_opportunity_a,
          co_window_corner_a, co_window_of_opportunity_b,
          co_window_unsneaky_path_e, co_window_corner_b,
          co_window_of_opportunity_b, co_window_cross_2, co_window_paths_d,
          glass_columns_a, glass_columns_a
D:3:      layout_loops_ring, mainiacjoe_overflow_boulevard, serial_shops, shop,
          shop, uniq_jessica, uniq_natasha
D:4:      layout_basic, minmay_close_crescents

Skill      XL: |  1  2  3  4  5  6 |
---------------+-------------------+-----
Short Blades   | 1 2 |  2.0
Long Blades    | 1 2 |  2.0
Maces & Flails | 1 2 |  2.0
Polearms       | 1 2 |  2.0
Staves         | 1 2 |  2.0
Slings         | 1 2 |  2.0
Bows           | 1 2 |  2.0
Crossbows      | 1 2 |  2.0
Throwing       | 1 2 |  2.0
Stealth        | 1 2 |  2.0
Shields        | 1 2 |  2.0
Unarmed Combat | 1 2 |  2.0
Spellcasting   | 1 2 |  2.0
Evocations     | 1 2 |  2.0
Conjurations   | 1 |  1.6
Hexes          | 1 |  1.6
Summonings     | 1 |  1.6
Necromancy     | 1 |  1.6
Translocations | 1 |  1.6
Transmutations | 1 |  1.6
Fire Magic     | 1 |  1.6
Ice Magic      | 1 |  1.6
Air Magic      | 1 |  1.6
Earth Magic    | 1 |  1.6
Poison Magic   | 1 |  1.6
Dodging        | 3 |  3.3
Invocations    | 5 |  5.1
Axes           | 5 |  5.0
Armour         | 5 |  5.0
Fighting       | |  6.8

Action                   |  1- 3 |  4- 6 || total
-------------------------+-------+-------++-------
Melee: Hand axe          |   104 |    30 ||   134
       Kick              |    12 |       ||    12
       Bite              |     9 |    11 ||    20
       Dagger            |       |   109 ||   109
Invok: Depart the Abyss  |     1 |       ||     1
  Use: Potion            |     1 |       ||     1
       Scroll            |     2 |     5 ||     7
 Stab: Sleeping          |       |     2 ||     2
Armor: Leather armour    |     8 |       ||     8
       Ring mail         |    31 |    59 ||    90
Dodge: Dodged            |    50 |    78 ||   128

Table legend: (Time is in decaauts)
 A = Elapsed time spent in this place.
 B = Non-inter-level travel time spent in this place.
 C = Inter-level travel time spent in this place.
 D = Time resting spent in this place.
 E = Time spent auto-exploring this place.
 F = Levels seen in this place.
 G = Mean time per level.
                   A        B        C        D        E       F      G
               +--------+--------+--------+--------+--------+-----+--------+
         Total |   3477 |   3344 |    133 |    234 |   2430 |   5 |  695.4 |
       Dungeon |   3347 |   3214 |    133 |    234 |   2305 |   4 |  836.8 |
         Abyss |    130 |    130 |      0 |      0 |    125 |   1 |  130.0 |
               +--------+--------+--------+--------+--------+-----+--------+

Top non-repeatable levels by time:
     D:2: 1321 daAuts
     D:3: 988 daAuts
     D:1: 790 daAuts
     D:4: 246 daAuts
 Abyss:1: 130 daAuts
